 Dungeon Crawl Stone Soup version 0.31-a0-152-g6aa68a64a1 (webtiles) character file.

Game seed: 935587223162663828

2270 qw the Skirmisher (level 9, 0/82 HPs)
             Began as a Naga Hunter on June 10, 2023.
             Was an Initiate of Okawaru.
             Slain by an orc warrior
             ... wielding a +0 battleaxe
              (17 damage)
             ... on level 6 of the Dungeon.
             The game lasted 00:01:56 (5381 turns).

qw the Skirmisher (Naga Hunter)                     Turns: 5381, Time: 00:01:57

Health: 0/82       AC:  9    Str: 13    XL:     9   Next: 38%
Magic:  9/9        EV: 12    Int: 10    God:    Okawaru [......]
Gold:   305        SH:  0    Dex: 19    Spells: 8/8 levels left

rFire   . . .        Y - +1 arbalest (drain)
rCold   . . .        (shield currently unavailable)
rNeg    . . .        d - +2 animal skin
rPois   +            f - +0 helmet
rElec   .            (no cloak)
rCorr   .            i - +1 pair of gloves
SInv    +            (no barding)
Will    +....        (no amulet)
Stlth   ++           (no ring)
HPRegen 0.33/turn    (no ring)
MPRegen 0.11/turn

%: no passive effects
@: about to teleport, short of breath, very slow
A: AC +3, large, see invisible, deformed body, poison resistance, slowness 2,
spit poison 1, naga tail 1
a: Spit Poison, Renounce Religion


You were on level 6 of the Dungeon.
You worshipped Okawaru.
Okawaru was noncommittal.
You visited 2 branches of the dungeon, and saw 7 of its levels.

You collected 305 gold pieces.


Innate Abilities, Weirdness & Mutations

Your serpentine skin is tough. (AC +3)
You have supernaturally acute eyesight. (SInv)
Armour fits poorly on your strangely shaped body.
Your system is resistant to poisons. (rPois)
You cover ground very slowly.
You can spit poison.
You have a snake-like lower body.


   Skills:
 - Level 6.0 Fighting
 + Level 9.3 Ranged Weapons
 - Level 1.0 Armour
 - Level 4.6 Dodging
 - Level 1.5 Stealth


You had 8 spell levels left.
You didn't know any spells.
Your spell library was empty.

Inventory:

Hand Weapons
 Y - a +1 arbalest of draining (weapon)
Armour
 d - a +2 animal skin (worn)
 f - a +0 helmet (worn)
 i - a +1 pair of gloves (worn)
Jewellery
 g - a ring of ice
Scrolls
 c - a scroll of teleportation
 j - a scroll of identify
Potions
 a - 2 potions of mutation
 b - a potion of cancellation {unknown}
 e - a potion of haste
 l - a potion of magic {unknown}

Dungeon Overview and Level Annotations

Branches:
Dungeon (6/15)             Temple (1/1) D:6

Altars:
Ashenzari
Cheibriados
Elyvilon
Fedhas
Gozag
Hepliaklqana
Okawaru
Qazlal
Ru
Sif Muna
Uskayaw
Yredelemnul
The Shining One

Shops:
D:5 *

Annotations:
D:6 Prince Ribbit


Message History

Prince Ribbit blinks!
The sky beast flickers out of sight for a moment.
5374 ||| INVOKING Spit Poison.
Aiming: Spit Poison (1% risk of failure)
Press: ? - help, Shift-Dir - straight line, f - sky beast, p - Prince Ribbit The splash of poison hits the sky beast!
The sky beast is poisoned.
The sky beast is almost dead.
Prince Ribbit blinks!
The sky beast closely misses you.
The orc warrior hits you with a +0 battleaxe.
You shoot a bolt. The bolt hits the sky beast!
You kill the sky beast!
Okawaru accepts your kill.
The orc warrior hits you with a +0 battleaxe.
Prince Ribbit blinks!
The orc warrior hits you with a +0 battleaxe.
You shoot a bolt. The bolt barely misses the orc warrior.
The orc warrior barely misses you.
You shoot a bolt. The bolt barely misses the orc warrior.
You have got your breath back.
The orc warrior hits you but does no damage.
The orc warrior barely misses you.
5378 ||| INVOKING Spit Poison.
Aiming: Spit Poison (1% risk of failure)
Press: ? - help, Shift-Dir - straight line, f/p - orc warrior The splash of poison hits the orc warrior.
The orc warrior is lightly wounded.
The orc warrior hits you with a +0 battleaxe!
5379 ||| READING 2 scrolls of teleportation.
As you read the scroll of teleportation, it crumbles to dust.
You feel strangely unstable. The orc warrior completely misses you.
You shoot a bolt.
The bolt completely misses the orc warrior.
Prince Ribbit barely misses you.
The orc warrior hits you with a +0 battleaxe.
You shoot a bolt. The bolt misses Prince Ribbit.
Prince Ribbit closely misses you.
The orc warrior hits you with a +0 battleaxe!
You die...

...##....#......#.........#
...##....'......#.........#
.%.......######'#.........#
...##....#................#
.).##....#................#
...##....#.......##########
...##....'.......#
....#....#......F#
....#....#......@#
....#....#.....o.#
...##....#.......#
#####....#.....).#
...##....#........
>........'.......) ....
#........ ..). #.......).
....


You could see Prince Ribbit (drained) and an orc warrior.

Vanquished Creatures
  Pikel (D:4)
  Sigmund (D:4)
  Eustachio (D:4)
  Menkaure (D:4)
  A water moccasin (D:6)
  A sky beast (D:6)
  An ogre (D:5)
  A phantom (D:5)
  A bullfrog (D:6)
  2 scorpions
  A gnoll sergeant (D:5)
  A howler monkey (D:6)
  A crimson imp (D:6)
  A jelly (D:4)
  4 hounds
  An orc priest (D:6)
  A gnoll bouda (D:6)
  2 sleepcaps (D:6)
  7 iguanas
  2 orc wizards (D:6)
  Ijyb (D:3)
  Robin (D:3)
  6 gnolls
  7 adders
  An ufetubus (D:5)
  8 worms
  5 dart slugs
  7 orcs (D:6)
  7 endoplasms
  6 giant cockroaches
  12 goblins
  10 hobgoblins
  3 jackals (D:1)
  8 kobolds
  6 quokkas
  8 ball pythons
  3 bats
  3 frilled lizards
  7 rats
141 creatures vanquished.

Notes
Turn   | Place    | Note
-------+----------+-------------------------------------------
     0 | D:1      | qw the Naga Hunter began the quest for the Orb.
     0 | D:1      | Reached XP level 1. HP: 19/19 MP: 1/1
     0 | D:1      | 0 ||| qw: Version: 0.2-a-29-gd901d54
     0 | D:1      | 0 ||| qw: Game counter: 3986
     0 | D:1      | 0 ||| qw: Always use a shield: true
     0 | D:1      | 0 ||| qw: God list: Okawaru
     0 | D:1      | 0 ||| qw: Allow faded altars: false
     0 | D:1      | 0 ||| qw: Do Orc after D:15 true
     0 | D:1      | 0 ||| qw: Do second Lair branch before Depths: true
     0 | D:1      | 0 ||| qw: Lair rune preference: random
     0 | D:1      | 0 ||| qw: Plans: Normal
     0 | D:1      | 0 ||| PLANNING D:1-11
    78 | D:1      | 78 ||| INVOKING Spit Poison.
   107 | D:1      | 107 ||| INVOKING Spit Poison.
   134 | D:1      | 134 ||| INVOKING Spit Poison.
   197 | D:1      | 197 ||| INVOKING Spit Poison.
   240 | D:1      | 240 ||| INVOKING Spit Poison.
   242 | D:1      | Reached skill level 4 in Ranged Weapons
   242 | D:1      | Reached XP level 2. HP: 26/26 MP: 2/2
   267 | D:1      | 267 ||| INVOKING Spit Poison.
   302 | D:1      | 302 ||| INVOKING Spit Poison.
   345 | D:1      | 345 ||| INVOKING Spit Poison.
   346 | D:1      | 346 ||| INVOKING Spit Poison.
   350 | D:1      | 350 ||| INVOKING Spit Poison.
   356 | D:1      | 356 ||| INVOKING Spit Poison.
   361 | D:1      | 361 ||| INVOKING Spit Poison.
   451 | D:1      | 451 ||| READING scroll labelled ICOENI REAVOU.
   479 | D:1      | 479 ||| INVOKING Spit Poison.
   512 | D:1      | Found a faded altar of an unknown god.
   581 | D:1      | 581 ||| INVOKING Spit Poison.
   587 | D:1      | 587 ||| INVOKING Spit Poison.
   733 | D:1      | 733 ||| READING scroll labelled EKKANIPS JECO.
   834 | D:1      | 834 ||| DROPPING scroll of butterflies.
   859 | D:2      | 859 ||| INVOKING Spit Poison.
   914 | D:2      | 914 ||| INVOKING Spit Poison.
   915 | D:2      | Reached XP level 3. HP: 32/32 MP: 3/3
   964 | D:2      | 964 ||| INVOKING Spit Poison.
   984 | D:2      | 984 ||| INVOKING Spit Poison.
  1065 | D:2      | 1065 ||| INVOKING Spit Poison.
  1082 | D:2      | 1082 ||| INVOKING Spit Poison.
  1103 | D:2      | 1103 ||| INVOKING Spit Poison.
  1108 | D:2      | 1108 ||| INVOKING Spit Poison.
  1113 | D:2      | 1113 ||| INVOKING Spit Poison.
  1150 | D:2      | 1150 ||| INVOKING Spit Poison.
  1183 | D:2      | 1183 ||| INVOKING Spit Poison.
  1184 | D:2      | Reached skill level 5 in Ranged Weapons
  1224 | D:2      | 1224 ||| INVOKING Spit Poison.
  1225 | D:2      | Reached XP level 4. HP: 39/39 MP: 4/4
  1260 | D:2      | 1260 ||| INVOKING Spit Poison.
  1447 | D:2      | 1447 ||| INVOKING Spit Poison.
  1450 | D:2      | 1450 ||| INVOKING Spit Poison.
  1456 | D:2      | 1456 ||| INVOKING Spit Poison.
  1602 | D:2      | 1602 ||| INVOKING Spit Poison.
  1607 | D:2      | 1607 ||| INVOKING Spit Poison.
  1610 | D:2      | 1610 ||| INVOKING Spit Poison.
  1675 | D:2      | 1675 ||| INVOKING Spit Poison.
  1806 | D:2      | 1806 ||| INVOKING Spit Poison.
  1892 | D:2      | 1892 ||| READING scroll labelled PIAGIN PUBA.
  1893 | D:2      | 1893 ||| READING scroll labelled GECKEI RINIP.
  1893 | D:2      | Identified a scroll of acquirement
  1893 | D:2      | 1893 ||| ACQUIRING +0 arbalest of draining
  1893 | D:2      | Acquired a +0 arbalest of draining
  1895 | D:2      | 1895 ||| SWAPPING to +0 arbalest of draining.
  1896 | D:2      | 1896 ||| DROPPING +0 shortbow.
  1897 | D:2      | 1897 ||| READING scroll labelled EBLAECORH HOMOV.
  1898 | D:2      | 1898 ||| DRINKING 2 viscous emerald potions.
  2010 | D:3      | 2010 ||| INVOKING Spit Poison.
  2050 | D:3      | 2050 ||| INVOKING Spit Poison.
  2073 | D:3      | 2073 ||| INVOKING Spit Poison.
  2113 | D:3      | 2113 ||| INVOKING Spit Poison.
  2117 | D:3      | 2117 ||| INVOKING Spit Poison.
  2118 | D:3      | Noticed Ijyb
  2121 | D:3      | 2121 ||| INVOKING Spit Poison.
  2125 | D:3      | 2125 ||| INVOKING Spit Poison.
  2128 | D:3      | HP: 10/40 [Ijyb/+0 dagger (2)]
  2129 | D:3      | 2129 ||| DRINKING 2 potions of heal wounds.
  2130 | D:3      | 2130 ||| INVOKING Spit Poison.
  2130 | D:3      | Killed Ijyb
  2131 | D:3      | Reached skill level 3 in Fighting
  2232 | D:3      | 2232 ||| INVOKING Spit Poison.
  2233 | D:3      | 2233 ||| INVOKING Spit Poison.
  2234 | D:3      | Reached XP level 5. HP: 49/49 MP: 5/5
  2542 | D:3      | 2542 ||| INVOKING Spit Poison.
  2740 | D:3      | 2740 ||| INVOKING Spit Poison.
  2753 | D:3      | 2753 ||| INVOKING Spit Poison.
  2755 | D:3      | Noticed Robin
  2757 | D:3      | 2757 ||| INVOKING Spit Poison.
  2760 | D:3      | 2760 ||| INVOKING Spit Poison.
  2765 | D:3      | 2765 ||| INVOKING Spit Poison.
  2768 | D:3      | 2768 ||| INVOKING Spit Poison.
  2772 | D:3      | 2772 ||| INVOKING Spit Poison.
  2774 | D:3      | Killed Robin
  2774 | D:3      | HP: 12/49 [hobgoblin[Robin] (3)]
  2775 | D:3      | 2775 ||| DRINKING potion of heal wounds.
  2776 | D:3      | 2776 ||| INVOKING Spit Poison.
  2779 | D:3      | 2779 ||| INVOKING Spit Poison.
  2782 | D:3      | 2782 ||| INVOKING Spit Poison.
  2900 | D:3      | 2900 ||| INVOKING Spit Poison.
  2962 | D:3      | 2962 ||| UPGRADING to +2 animal skin.
  2972 | D:3      | 2972 ||| DROPPING +0 leather armour.
  2973 | D:3      | 2973 ||| UPGRADING to +0 helmet.
  2978 | D:3      | 2978 ||| READING scroll labelled DIDUTWUODOU.
  2979 | D:3      | 2979 ||| READING scroll labelled QYTIXK GAHUESH.
  2980 | D:3      | 2980 ||| READING scroll labelled HOJEL NUYM.
  2981 | D:3      | 2981 ||| READING scroll labelled MULAVV ECLUED.
  2982 | D:3      | 2982 ||| DRINKING 2 orange potions.
  3006 | D:4      | 3006 ||| INVOKING Spit Poison.
  3074 | D:4      | Noticed Menkaure
  3077 | D:4      | Killed Menkaure
  3078 | D:4      | Reached skill level 6 in Ranged Weapons
  3078 | D:4      | Reached XP level 6. HP: 31/56 MP: 6/6
  3078 | D:4      | 3078 ||| FLEEEEING.
  3079 | D:4      | 3079 ||| FLEEEEING.
  3081 | D:4      | 3081 ||| STAIRDANCE
  3162 | D:3      | 3162 ||| READING scroll labelled KASHRU EMNUARGH.
  3169 | D:4      | Noticed Sigmund
  3170 | D:4      | 3170 ||| INVOKING Spit Poison.
  3174 | D:4      | 3174 ||| INVOKING Spit Poison.
  3175 | D:4      | Killed Sigmund
  3177 | D:4      | Found a snail-covered altar of Cheibriados.
  3194 | D:4      | Noticed Eustachio
  3195 | D:4      | 3195 ||| Stepping ~*~*~tactically~*~*~ (outnumbered).
  3197 | D:4      | 3197 ||| Stepping ~*~*~tactically~*~*~ (outnumbered).
  3199 | D:4      | 3199 ||| INVOKING Spit Poison.
  3202 | D:4      | Reached XP level 7. HP: 66/66 MP: 7/7
  3204 | D:4      | 3204 ||| INVOKING Spit Poison.
  3209 | D:4      | 3209 ||| INVOKING Spit Poison.
  3210 | D:4      | 3210 ||| Stepping ~*~*~tactically~*~*~ (outnumbered).
  3213 | D:4      | 3213 ||| INVOKING Spit Poison.
  3218 | D:4      | 3218 ||| INVOKING Spit Poison.
  3223 | D:4      | 3223 ||| INVOKING Spit Poison.
  3229 | D:4      | 3229 ||| INVOKING Spit Poison.
  3230 | D:4      | Killed Eustachio
  3231 | D:4      | Reached skill level 7 in Ranged Weapons
  3390 | D:4      | 3390 ||| INVOKING Spit Poison.
  3400 | D:4      | Found a sacrificial altar of Ru.
  3419 | D:4      | Noticed Pikel
  3420 | D:4      | 3420 ||| INVOKING Spit Poison.
  3424 | D:4      | 3424 ||| INVOKING Spit Poison.
  3427 | D:4      | 3427 ||| INVOKING Spit Poison.
  3428 | D:4      | Killed Pikel
  3429 | D:4      | Reached XP level 8. HP: 49/73 MP: 8/8
  3572 | D:4      | Found a hide-covered altar of Uskayaw.
  3592 | D:4      | 3592 ||| INVOKING Spit Poison.
  3690 | D:4      | 3690 ||| READING scroll labelled NOUWASYARA.
  3691 | D:4      | 3691 ||| READING scroll labelled NIOCAK JIAZXAOS.
  3715 | D:5      | Entered Level 5 of the Dungeon
  3742 | D:5      | 3742 ||| INVOKING Spit Poison.
  3809 | D:5      | 3809 ||| INVOKING Spit Poison.
  3812 | D:5      | 3812 ||| INVOKING Spit Poison.
  3815 | D:5      | 3815 ||| INVOKING Spit Poison.
  3818 | D:5      | 3818 ||| INVOKING Spit Poison.
  3823 | D:5      | 3823 ||| INVOKING Spit Poison.
  4053 | D:5      | 4053 ||| INVOKING Spit Poison.
  4058 | D:5      | 4058 ||| INVOKING Spit Poison.
  4059 | D:5      | Reached skill level 8 in Ranged Weapons
  4162 | D:5      | Found Gozag's Platinum Reserve.
  4175 | D:5      | 4175 ||| INVOKING Spit Poison.
  4225 | D:5      | 4225 ||| INVOKING Spit Poison.
  4245 | D:5      | 4245 ||| INVOKING Spit Poison.
  4283 | D:5      | 4283 ||| INVOKING Spit Poison.
  4299 | D:5      | 4299 ||| INVOKING Spit Poison.
  4530 | D:5      | 4530 ||| INVOKING Spit Poison.
  4538 | D:5      | 4538 ||| INVOKING Spit Poison.
  4542 | D:5      | 4542 ||| INVOKING Spit Poison.
  4622 | D:5      | Found an opulent altar of Gozag.
  4634 | D:5      | 4634 ||| SHOPLISTING +0 ring mail of the Dowdy God {rC+}
                  | (1800 gold, have 225).
  4634 | D:5      | 4634 ||| SHOPLISTING +0 robe of Defence {Will++ Dex+3}
                  | (2800 gold, have 225).
  4634 | D:5      | 4634 ||| SHOPLISTING +2 pair of gloves of the Original Sin
                  | {Will+ Regen+ SInv} (3130 gold, have 225).
  4634 | D:5      | 4634 ||| SHOPLISTING amulet "Imet" {Spirit rElec rCorr
                  | Str-4 Dex+3} (4750 gold, have 225).
  4726 | D:5      | 4726 ||| INVOKING Spit Poison.
  4729 | D:5      | 4729 ||| INVOKING Spit Poison.
  4735 | D:5      | 4735 ||| INVOKING Spit Poison.
  4740 | D:5      | 4740 ||| INVOKING Spit Poison.
  4778 | D:5      | 4778 ||| INVOKING Spit Poison.
  4847 | D:5      | 4847 ||| UPGRADING to +1 pair of gloves.
  4852 | D:5      | 4852 ||| READING scroll labelled KON PAGRAUPURHYAKK.
  4853 | D:5      | 4853 ||| DRINKING 2 grey potions.
  4854 | D:5      | 4854 ||| READING 3 scrolls of identify.
  4854 | D:5      | 4854 ||| IDENTIFYING dark potion
  4855 | D:5      | 4855 ||| READING 2 scrolls of identify.
  4855 | D:5      | 4855 ||| IDENTIFYING clear potion
  4856 | D:5      | 4856 ||| DROPPING potion of enlightenment.
  4857 | D:5      | 4857 ||| DROPPING potion of brilliance.
  4858 | D:5      | 4858 ||| DROPPING potion of ambrosia.
  4912 | D:6      | 4912 ||| INVOKING Spit Poison.
  4913 | D:6      | Reached XP level 9. HP: 81/81 MP: 9/9
  4950 | D:6      | 4950 ||| INVOKING Spit Poison.
  4952 | D:6      | 4952 ||| Stepping ~*~*~tactically~*~*~ (outnumbered).
  4953 | D:6      | 4953 ||| INVOKING Spit Poison.
  4957 | D:6      | 4957 ||| INVOKING Spit Poison.
  5001 | D:6      | 5001 ||| INVOKING Spit Poison.
  5003 | D:6      | Reached skill level 9 in Ranged Weapons
  5005 | D:6      | 5005 ||| INVOKING Spit Poison.
  5018 | D:6      | 5018 ||| INVOKING Spit Poison.
  5022 | D:6      | Reached skill level 1 in Armour
  5024 | D:6      | 5024 ||| INVOKING Spit Poison.
  5041 | D:6      | 5041 ||| INVOKING Spit Poison.
  5045 | D:6      | 5045 ||| INVOKING Spit Poison.
  5072 | D:6      | Found a staircase to the Ecumenical Temple.
  5073 | D:6      | 5073 ||| PLANNING TEMPLE
  5073 | D:6      | 5073 ||| READING 2 scrolls of identify.
  5073 | D:6      | 5073 ||| IDENTIFYING glowing ruby potion
  5095 | D:6      | 5095 ||| INVOKING Spit Poison.
  5096 | D:6      | Reached skill level 6 in Fighting
  5140 | Temple   | Entered the Ecumenical Temple
  5141 | Temple   | 5141 ||| PLANNING OKAWARU WORSHIP
  5160 | Temple   | Became a worshipper of Warmaster Okawaru
  5160 | Temple   | 5160 ||| PLANNING D:1-11
  5272 | D:6      | 5272 ||| INVOKING Spit Poison.
  5275 | D:6      | 5275 ||| INVOKING Spit Poison.
  5278 | D:6      | 5278 ||| INVOKING Spit Poison.
  5349 | D:6      | 5349 ||| INVOKING Spit Poison.
  5365 | D:6      | Noticed Prince Ribbit
  5367 | D:6      | 5367 ||| INVOKING Spit Poison.
  5370 | D:6      | 5370 ||| INVOKING Spit Poison.
  5374 | D:6      | 5374 ||| INVOKING Spit Poison.
  5378 | D:6      | 5378 ||| INVOKING Spit Poison.
  5378 | D:6      | HP: 19/82 [orc warrior/+0 battleaxe (15)]
  5379 | D:6      | 5379 ||| READING 2 scrolls of teleportation.
  5381 | D:6      | Slain by an orc warrior

Levels and vault maps discovered:
D:1:      dpeg_arrival_three_bigger_balls, layout_loops_ring,
          dreamdust_ecumenical_altar_angels_and_demons, serial_bayou_lagoon_a,
          patterned_corridor
D:2:      layout_basic, nicolae_titane
D:3:      kennysheep_six_static_rooms, layout_basic, kennysheep_nub,
          nrook_loot_triangle, uniq_ijyb, uniq_robin
D:4:      layout_basic, mainiacjoe_overflow_cross_hatched,
          nicolae_uskayaw_murder_on_the_dancefloor, hangedman_ru_absence,
          uniq_sigmund, uniq_pikel, uniq_eustachio, uniq_menkaure
D:5:      layout_loops_corners, nicolae_gozag_zags_fifth_avenue,
          minmay_starry_boxes
D:6:      layout_gridville, grunt_temple_overflow_lords_of_destruction,
          minmay_temple_entry_tees, uniq_prince_ribbit1
Temple:   hellmonk_temple_rainy

Skill      XL: |  1  2  3  4  5  6  7  8  9 |
---------------+----------------------------+-----
Ranged Weapons | 4 5 6 7 8 9 |  9.3
Fighting       | 3 4 5 6 |  6.0
Dodging        | 4 |  4.6
Armour         | 1 |  1.0
Stealth        | |  1.5

Action                     |  1- 3 |  4- 6 |  7- 9 || total
---------------------------+-------+-------+-------++-------
   Fire: Shortbow          |    53 |    15 |       ||    68
         Arbalest          |       |    67 |   159 ||   226
Ability: Spit Poison       |    26 |    34 |    51 ||   111
    Use: Scroll            |     2 |     8 |     7 ||    17
         Potion            |       |     4 |     1 ||     5
 Armour: Leather armour    |     7 |    15 |       ||    22
         Animal skin       |       |     2 |    72 ||    74
  Dodge: Dodged            |    20 |    28 |    83 ||   131

Table legend:
 A = Non-vault XP
 B = Vault XP
 C = Vault XP percentage of total XP
 D = Non-vault monster count
 E = Vault monster count
 F = Vault count percentage of total count
                 A         B        C        D         E       F
            +---------+---------+-------+---------+---------+-------
      Total |    1766 |    1478 |  45.6 |     112 |      29 |  20.6
            +---------+---------+-------+---------+---------+-------
        D:1 |      32 |       0 |   0.0 |      16 |       0 |   0.0
        D:2 |      80 |       0 |   0.0 |      24 |       0 |   0.0
        D:3 |      25 |      81 |  76.4 |      13 |      20 |  60.6
        D:4 |     156 |    1171 |  88.2 |      18 |       4 |  18.2
        D:5 |     623 |     178 |  22.2 |      17 |       4 |  19.0
        D:6 |     850 |      48 |   5.3 |      24 |       1 |   4.0
            +---------+---------+-------+---------+---------+-------
